 Dungeon Crawl Stone Soup version 0.31-a0-1370-gf52a5a9ab3 (webtiles) character file.

Game seed: 18196394093678551176

5967 Akett the Summoner (level 10, -2/75 HPs)
             Began as a Naga Summoner on Dec 24, 2023.
             Was a Priest of Cheibriados.
             Succumbed to a hornet's poison
             ... on level 8 of the Dungeon.
             The game lasted 00:33:50 (9622 turns).

Akett the Summoner (Naga Summoner)                  Turns: 9622, Time: 00:33:51

Health: -2/75      AC:  8    Str: 21    XL:     10   Next: 84%
Magic:  13/19      EV: 25    Int: 26    God:    Cheibriados [***...]
Gold:   338        SH:  0    Dex: 20    Spells: 8/21 levels left

rFire   . . .        b - +5 trident
rCold   . . .        (no shield)
rNeg    . . .        A - +0 steam dragon scales
rPois   +            p - +0 helmet
rElec   .            (no cloak)
rCorr   .            (no gloves)
SInv    +            (no barding)
Will    +....        B - amulet of the acrobat
Stlth   ++++         (no ring)
HPRegen 0.32/turn    (no ring)
MPRegen 0.16/turn

%: acrobat
@: lethally poisoned (-2 -> -10), acrobatic, inugami summoned, very slow
A: AC +3, large, see invisible, deformed body, poison resistance, slowness 2,
spit poison 1, naga tail 1, fangs 1, thin skeletal structure 1, strong 1
a: Spit Poison, Renounce Religion, Bend Time, Temporal Distortion


You were on level 8 of the Dungeon.
You worshipped Cheibriados.
Cheibriados was most pleased with you.
You visited 2 branches of the dungeon, and saw 10 of its levels.
You also visited: Sewer.

You collected 488 gold pieces.
You spent 150 gold pieces at shops.

Inventory:

Hand Weapons
 a - a +2 dagger of venom
 b - a +5 trident (weapon)
Missiles
 f - 11 poisoned darts
Armour
 p - a +0 helmet (worn)
 A - +0 steam dragon scales (worn)
Jewellery
 w - an amulet of guardian spirit
 B - an amulet of the acrobat (around neck)
Wands
 g - a wand of flame (18)
 o - a wand of digging (6)
 t - a wand of paralysis (7)
 y - a wand of quicksilver (23)
Scrolls
 i - 2 scrolls of butterflies
 j - 3 scrolls of fear
 l - a scroll of silence
 m - a scroll of noise {unknown}
 n - 2 scrolls of immolation
 s - 4 scrolls of teleportation
 D - a scroll of revelation
 E - 2 scrolls of amnesia
Potions
 c - a potion of curing
 d - 2 potions of lignification
 e - a potion of invisibility
 h - a potion of cancellation
 k - a potion of resistance
 q - a potion of enlightenment
 u - a potion of attraction {unknown}
 v - 4 potions of magic
 x - a potion of might {unknown}
 z - a potion of ambrosia


   Skills:
 * Level 5.5 Armour
 - Level 1.5 Dodging
 - Level 3.0 Stealth
 - Level 6.0 Spellcasting
 * Level 12.7 Summonings
 + Level 5.0 Invocations


You had 8 spell levels left.
You knew the following spells:

 Your Spells              Type           Power      Damage    Failure   Level
a - Summon Small Mammal   Summ           100%       N/A       1%          1
b - Call Imp              Summ           100%       N/A       1%          2
c - Call Canine Familiar  Summ           65%        N/A       1%          3
d - Summon Lightning Spi  Summ/Air       41%        N/A       4%          4
e - Summon Guardian Gole  Hex/Summ       41%        N/A       1%          3

Your spell library contained the following spells:

 Spells                   Type           Power      Damage    Failure   Level
 Frozen Ramparts          Ice            14%        1d3       21%         3
 Tukima's Dance           Hex            7%         N/A       21%         3
 Leda's Liquefaction      Alch/Erth      3%         N/A       56%         4
 Passage of Golubria      Tloc           7%         N/A       56%         4
 Petrify                  Alch/Erth      7%         N/A       56%         4
 Metabolic Englaciation   Hex/Ice        3%         N/A       88%         5
 Yara's Violent Unravell  Hex/Alch       3%         3d4       88%         5


Dungeon Overview and Level Annotations

Branches:
Dungeon (9/15)             Temple (1/1) D:7           Sewer (visited)
   Lair: D:8-11         Orc: D:9-12

Altars:
Ashenzari
Cheibriados
Dithmenos
Elyvilon
Fedhas
Gozag
Hepliaklqana
Kikubaaqudgha
Makhleb
Nemelex Xobeh
Okawaru
Qazlal
Ru
Sif Muna
Trog
Uskayaw
Vehumet
Wu Jian
Xom
Yredelemnul
Zin
The Shining One

Shops:
D:4 ?   D:6 =

Annotations:
D:4 3 runed translucent doors, Selrock's ghost, amateur TrMo


Innate Abilities, Weirdness & Mutations

Your serpentine skin is tough. (AC +3)
You have supernaturally acute eyesight. (SInv)
Armour fits poorly on your strangely shaped body.
Your system is resistant to poisons. (rPois)
You cover ground very slowly.
You can spit poison.
You have a snake-like lower body.
You have very sharp teeth.
You have a somewhat thin skeletal structure. (Dex +2, Stealth+)
Your muscles are strong. (Str +4, Int/Dex -1)


Message History

The hornet stings you! The hornet completely misses you. The hornet misses you.
There is a stone staircase leading up here.
The hornet stings you but does no damage.
You climb upwards.
There is a stone staircase leading down here.
Okay, then.
Aiming: Spit Poison (1% risk of failure)
Press: ? - help, Shift-Dir - straight line, f - hornet
Aim: a hornet (47% to hit)
The splash of poison hits the hornet but does no damage.
The hornet stings you but does no damage. x2
Okay, then.
Casting: Summon Lightning Spire (dangerous; 4% risk of failure)
Confirm with . or Enter, or press ? or * to list all spells.
A guardian golem appears, shielding your allies.
The hornet stings you!
Casting: Summon Guardian Golem (safe; 1% risk of failure)
Confirm with . or Enter, or press ? or * to list all spells.
You don't have enough magic to cast this spell.
Unknown command.
Magic courses through your body. The hornet barely misses you. x2
Casting: Summon Guardian Golem (safe; 1% risk of failure)
Confirm with . or Enter, or press ? or * to list all spells.
An electric hum fills the air.
The hornet stings you.
You feel yourself slow down.
Unknown command.
Casting: Summon Lightning Spire (dangerous; 4% risk of failure)
Confirm with . or Enter, or press ? or * to list all spells.
You call for your canine familiar and it appears with a howl!
The hornet stings you but does no damage.
The hornet stings you!
* * * LOW HITPOINT WARNING * * *
You are poisoned.
The hornet stings you!
* * * LOW HITPOINT WARNING * * *
Unknown command.
Okay, then.
You feel yourself speed up.
You have got your breath back.
You die...

...................# ####
#..................####..#
......#..................#
......#.......##.........#
................#.#....###
......................##
........#.............#
......####........8..##
......## ##.....@..h.#
.......####.....9>...#
#.....###.......y...##
.).)............#...##
......#.........#....#
..)...#..............#
.......##............#
.#.##.####......##...#
.###..####.......#...#


You could see a hornet (ally target), a friendly guardian golem (summoned), a
friendly lightning spire (summoned, sheltered) and a friendly inugami (summoned,
sheltered).

Vanquished Creatures
  A two-headed ogre (D:5)
  A centaur zombie (D:7)
  A centaur skeleton (D:7)
  A steam dragon (D:7)
  A sky beast (D:7)
  A black bear (D:7)
  An ogre (D:5)
  4 scorpions
  4 bullfrogs
  3 hounds
  An orc priest (D:8)
  A sleepcap (D:6)
  3 iguanas (D:5)
  Ijyb (D:4)
  Terence (D:3)
  An orc wizard (D:5)
  Robin (D:4)
  4 adders
  5 gnolls
  A shadow imp (D:7)
  3 white imps
  A worm (D:2)
  3 dart slugs
  4 orcs (D:5)
  3 endoplasms
  A giant cockroach (D:1)
  11 hobgoblins
  2 jackals (D:3)
  13 ball pythons
  4 bats
  A frilled lizard (D:3)
  11 goblins
  10 kobolds
  13 rats
117 creatures vanquished.

Vanquished Creatures (collateral kills)
  A centaur zombie (D:7)
  A hellwing (D:7)
  A sky beast (D:7)
  4 ogres
  A kobold brigand (D:8)
  A scorpion (D:4)
  5 wights
  3 killer bees (D:9)
  The ghost of thriggle the Magician, a weakling DsHW of Dithmenos (D:3)
  A hound (D:4)
  2 gnoll boudas
  4 orc priests
  An iguana (D:4)
  2 sleepcaps
  5 orc wizards
  A boggart skeleton (D:7)
  7 gnolls
  7 adders
  2 river rats (Sewer)
  A shadow imp (D:7)
  13 orcs
  6 ball pythons
  An endoplasm (D:2)
  6 goblins
  3 hobgoblins (D:4)
  A jackal (D:3)
  A quokka (D:4)
  A bat (D:1)
  2 frilled lizards (Sewer)
  3 kobolds
  5 rats
93 creatures vanquished.

Vanquished Creatures (others)
  Pikel (D:4)
  Joseph (D:9)
  A centaur skeleton (D:7)
  A wyvern (D:7)
  A lemure (D:4)
  A shadow imp (D:7)
6 creatures vanquished.

Grand Total: 216 creatures vanquished

Notes
Turn   | Place    | Note
-------+----------+-------------------------------------------
     0 | D:1      | Akett the Naga Summoner began the quest for the Orb.
     0 | D:1      | Reached XP level 1. HP: 15/15 MP: 3/3
   119 | D:1      | Reached XP level 2. HP: 11/22 MP: 0/5
   432 | D:1      | Reached XP level 3. HP: 18/28 MP: 6/6
   435 | D:1      | Learned a level 2 spell: Call Imp
   439 | D:1      | Learned a level 3 spell: Call Canine Familiar
   512 | D:1      | Reached skill level 5 in Summonings
   618 | D:1      | Found a faded altar of an unknown god.
   936 | D:2      | Identified the +1 spear of the Keeping Butterfly {distort,
                  | *Slow rElec Str-4 Int+8}
   954 | D:2      | Reached XP level 4. HP: 15/36 MP: 3/7
  1067 | D:2      | Found a shadowy altar of Dithmenos.
  1326 | D:3      | Found a runed translucent door.
  1332 | D:3      | Noticed thriggle's ghost (weakling DsHW)
  1367 | D:3      | Killed thriggle's ghost
  1368 | D:3      | Reached skill level 6 in Summonings
  1368 | D:3      | Reached XP level 5. HP: 4/42 MP: 5/8
  1447 | D:3      | Found a glowing drain.
  1498 | Sewer    | Entered a sewer
  1899 | Sewer    | Reached skill level 7 in Summonings
  1899 | Sewer    | Reached XP level 6. HP: 23/49 MP: 3/9
  2512 | D:3      | Found an opulent altar of Gozag.
  2597 | D:3      | Noticed Terence
  2611 | D:3      | Killed Terence
  2955 | D:4      | Reached XP level 7. HP: 55/55 MP: 9/12
  2976 | D:4      | Identified the +1 ring mail "Relisud" {Rampage}
  3048 | D:4      | Noticed Robin
  3061 | D:4      | Killed Robin
  3089 | D:4      | Gained mutation: You have a somewhat thin skeletal
                  | structure. (Dex +2, Stealth+) [potion of mutation]
  3089 | D:4      | Gained mutation: Your muscles are strong. (Str +4, Int/Dex
                  | -1) [potion of mutation]
  3089 | D:4      | Gained mutation: You have very sharp teeth. [potion of
                  | mutation]
  3121 | D:4      | Reached skill level 8 in Summonings
  3254 | D:4      | Learned a level 3 spell: Summon Guardian Golem
  3259 | D:4      | Learned a level 4 spell: Summon Lightning Spire
  3284 | D:4      | Noticed Pikel
  3304 | D:4      | Killed Pikel
  3305 | D:4      | Reached skill level 9 in Summonings
  3305 | D:4      | Reached XP level 8. HP: 46/62 MP: 4/15
  3560 | D:4      | Found a runed translucent gate.
  3561 | D:4      | Found a runed translucent gate.
  3561 | D:4      | Found a runed translucent gate.
  3562 | D:4      | Noticed Selrock's ghost (amateur TrMo)
  3686 | D:4      | Found Boistrost's Magic Scroll Boutique.
  3694 | D:4      | Bought a scroll of blinking for 90 gold pieces
  3694 | D:4      | Bought a scroll of teleportation for 36 gold pieces
  3694 | D:4      | Bought a scroll of identify for 24 gold pieces
  3773 | D:4      | Noticed Ijyb
  3783 | D:4      | Killed Ijyb
  3874 | D:5      | Entered Level 5 of the Dungeon
  3877 | D:5      | Noticed a two-headed ogre
  3901 | D:5      | Killed a two-headed ogre
  3902 | D:5      | Reached skill level 5 in Spellcasting
  3902 | D:5      | Reached skill level 10 in Summonings
  3902 | D:5      | Reached XP level 9. HP: 68/68 MP: 4/17
  4007 | D:5      | Found a snail-covered altar of Cheibriados.
  4101 | D:5      | Became a worshipper of Cheibriados the Contemplative
  5627 | D:6      | Reached skill level 1 in Armour
  5627 | D:6      | Reached skill level 11 in Summonings
  5762 | D:6      | Reached skill level 1 in Invocations
  5878 | D:6      | Found a glowing golden altar of the Shining One.
  6035 | D:6      | Reached * piety under Cheibriados
  6197 | D:6      | Found Asyuraec's Jewellery Emporium.
  6646 | D:6      | Found a stormy altar of Qazlal.
  6650 | D:6      | Found a shadowy altar of Dithmenos.
  6653 | D:6      | Found a burning altar of Makhleb.
  7300 | D:7      | Noticed a hellwing
  7330 | D:7      | Reached XP level 10. HP: 53/75 MP: 15/19
  7338 | D:7      | Reached skill level 12 in Summonings
  7728 | D:7      | Reached ** piety under Cheibriados
  7860 | D:7      | Found a hazy altar of Hepliaklqana.
  7918 | D:7      | Found a staircase to the Ecumenical Temple.
  8102 | D:7      | Found a bloodstained altar of Trog.
  8102 | D:7      | Found a radiant altar of Vehumet.
  8467 | D:7      | Found an ancient bone altar of Kikubaaqudgha.
  8680 | Temple   | Entered the Ecumenical Temple
  8815 | D:8      | Reached skill level 5 in Armour
  8948 | D:8      | Reached *** piety under Cheibriados
  9591 | D:9      | Noticed Joseph
  9604 | D:9      | Noticed a two-headed ogre
  9610 | D:9      | Killed Joseph
  9610 | D:9      | Reached skill level 5 in Invocations
  9621 | D:8      | HP: 2/75 [hornet (12)]
  9622 | D:8      | Succumbed to a hornet's poison

Illustrated notes

Levels and vault maps discovered:
D:1:      elethiomel_arrival_shortcut, layout_basic,
          dreamdust_ecumenical_altar_hidden_monk_grotto
D:2:      layout_rooms, basic_altar, nrook_campfire
D:3:      layout_basic, lemuel_doored_altar, ebering_ghost_sewer_d,
          portal_sewer_entry_d, feat_on_display, uniq_terence
D:4:      layout_cave_pools, ebering_ghost_rock_garden, serial_shops, shop,
          uniq_pikel, uniq_robin, uniq_ijyb
D:5:      layout_loops_corners, mainiacjoe_overflow_chevrons
D:6:      layout_basic, mainiacjoe_overflow_catwalk,
          grunt_temple_overflow_diamond, serial_shops,
          nicolae_shop_gaudy_bauble, kennysheep_crisscross, hex_large
D:7:      cheibrodos_grave_circle, layout_basic, kennysheep_little_box,
          worldfamousw_hep_ancestral_shrine,
          mainiacjoe_overflow_large_starburst, minmay_temple_entry_wispy
D:8:      layout_cave_pools, nicolae_tricolors
D:9:      layout_big_octagon, lair_entry_dummy, serial_bayou,
          serial_bayou_ford_a, serial_bayou_pond_c, serial_bayou_lagoon_a,
          serial_bayou_shore_b, serial_bayou_pond_e, serial_bayou_pond_c,
          kennysheep_path_1, serial_library_regret_index_headful, uniq_joseph
Temple:   hc_temple_tempest_star

Skill      XL: |  1  2  3  4  5  6  7  8  9 10 |
---------------+-------------------------------+-----
Summonings     | 5 6 7 9 10 11 12 | 12.7
Spellcasting   | 3 4 5 6 |  6.0
Armour         | 3 5 |  5.5
Invocations    | 3 5 |  5.0
Dodging        | |  1.5
Stealth        | |  3.0

Action                     |  1- 3 |  4- 6 |  7- 9 | 10-12 || total
---------------------------+-------+-------+-------+-------++-------
  Melee: Dagger            |    58 |   126 |   112 |     6 ||   302
         Unarmed           |     3 |       |       |       ||     3
         Mace              |     2 |       |       |       ||     2
         Punch             |       |     2 |     5 |       ||     7
         Bite              |       |       |    20 |     7 ||    27
         Whip              |       |       |    60 |       ||    60
         Trident           |       |       |    10 |    61 ||    71
   Cast: Summon Small Mamm |     7 |     9 |     3 |     1 ||    20
         Call Imp          |     1 |     8 |     3 |     1 ||    13
         Call Canine Famil |       |     9 |    10 |     6 ||    25
         Summon Guardian G |       |       |     3 |    10 ||    13
         Summon Lightning  |       |       |     9 |    12 ||    21
 Invoke: Temporal Distorti |       |       |       |     1 ||     1
Ability: Spit Poison       |    14 |    13 |    32 |     5 ||    64
    Use: Scroll            |       |     8 |     6 |     3 ||    17
         Potion            |       |     6 |     2 |     1 ||     9
   Stab: Sleeping          |     1 |     5 |     2 |     3 ||    11
         Invisible         |       |     2 |       |       ||     2
         Distracted        |       |       |     1 |     1 ||     2
 Armour: Robe              |    61 |   137 |   165 |    26 ||   389
         Steam dragon scal |       |       |       |    92 ||    92
  Dodge: Dodged            |    46 |   110 |   105 |    66 ||   327

Table legend: (Time is in decaauts)
 A = Elapsed time spent in this place.
 B = Non-inter-level travel time spent in this place.
 C = Inter-level travel time spent in this place.
 D = Time resting spent in this place.
 E = Time spent auto-exploring this place.
 F = Levels seen in this place.
 G = Mean time per level.
                   A        B        C        D        E       F      G
               +--------+--------+--------+--------+--------+-----+--------+
         Total |  13343 |  12934 |    409 |   2675 |   7292 |  11 | 1213.0 |
       Dungeon |  12727 |  12318 |    409 |   2418 |   7274 |   9 | 1414.1 |
        Temple |      1 |      1 |      0 |      0 |      0 |   1 |    1.0 |
         Sewer |    614 |    614 |      0 |    257 |     17 |   1 |  614.0 |
               +--------+--------+--------+--------+--------+-----+--------+

Top non-repeatable levels by time:
     D:6: 2560 daAuts
     D:5: 2368 daAuts
     D:7: 2308 daAuts
     D:3: 1336 daAuts
     D:8: 1185 daAuts
     D:4: 1131 daAuts
     D:1: 1122 daAuts
   Sewer: 614 daAuts
     D:2: 522 daAuts
     D:9: 191 daAuts
  Temple: 1 daAuts
